 Dungeon Crawl Stone Soup version 0.31-a0-640-g39d97e502b (webtiles) character file.

Game seed: 10268271116120810563

837 qw the Skirmisher (level 7, -1/44 HPs)
             Began as a Gargoyle Hunter on Aug 27, 2023.
             Was an Initiate of Okawaru.
             Slain by a gnoll sergeant
             ... wielding a +2 spear of venom
              (3 damage)
             ... on level 5 of the Dungeon.
             The game lasted 00:01:39 (3860 turns).

qw the Skirmisher (Gargoyle Hunter)                 Turns: 3860, Time: 00:01:40

Health: -1/44      AC: 12    Str: 14    XL:     7   Next: 99%
Magic:  6/8        EV: 13    Int: 10    God:    Okawaru [......]
Gold:   218        SH:  0    Dex: 15    Spells: 6/6 levels left

rFire   + . .        Y - +1 shortbow
rCold   + . .        (shield currently unavailable)
rNeg    + . .        b - +0 ring mail
rPois   inf          (no helmet)
rElec   +            i - scarf {rC+ rF+}
rCorr   .            f - +0 pair of gloves
SInv    +            (no boots)
Will    .....        (no amulet)
Stlth   +++          e - ring of see invisible
HPRegen 0.27/turn    (no ring)
MPRegen 0.11/turn

%: no passive effects
@: heroic
A: sickness immunity, AC +4, negative energy resistance 1, electricity
resistance, torment resistance 1, petrification resistance
a: Renounce Religion


You were on level 5 of the Dungeon.
You worshipped Okawaru.
Okawaru was noncommittal.
You visited 2 branches of the dungeon, and saw 6 of its levels.

You collected 218 gold pieces.


Innate Abilities, Weirdness & Mutations

You are immune to sickness and miasma.
Your stone body is resilient. (AC +4)
You are immune to poison.
You resist negative energy. (rN+)
You are resistant to electric shocks. (rElec)
You are resistant to unholy torment.
You are immune to petrification.


   Skills:
 - Level 5.0(10.0) Fighting
 - Level 8.0(13.0) Ranged Weapons
 + Level 1.6(6.6) Armour
 - Level 1.5(6.5) Dodging
 - Level 1.1(6.1) Stealth
 - Level 2.5 Invocations


You had 6 spell levels left.
You didn't know any spells.
Your spell library was empty.

Inventory:

Hand Weapons
 Y - a +1 shortbow (weapon)
Armour
 b - a +0 ring mail (worn)
 f - a +0 pair of gloves (worn)
 i - a scarf of resistance (worn)
Jewellery
 e - a ring of see invisible (left hand)
Scrolls
 c - a scroll of identify
Potions
 a - a potion of mutation {unknown}
 d - 3 potions of enlightenment
 g - a potion of cancellation {unknown}
 j - a potion of berserk rage {unknown}
 l - a potion of curing {unknown}

Dungeon Overview and Level Annotations

Branches:
Dungeon (5/15)             Temple (1/1) D:4

Altars:
Ashenzari
Cheibriados
Dithmenos
Elyvilon
Fedhas
Gozag
Hepliaklqana
Kikubaaqudgha
Makhleb
Nemelex Xobeh
Okawaru
Qazlal
Ru
Sif Muna
Trog
Uskayaw
Vehumet
Wu Jian
Yredelemnul
Zin

Shops:
D:3 :

Annotations:
D:3 1 runed translucent door, Crazy Yiuf


Message History

The gnoll hits you from afar with a +0 heavy spear.
The gnoll sergeant hits you from afar with a +2 spear of venom.
You shoot an arrow.
The arrow hits the gnoll sergeant but does no damage.
The gnoll sergeant is heavily wounded.
You shoot an arrow. The arrow hits the gnoll sergeant.
The gnoll sergeant is heavily wounded.
The gnoll sergeant barely misses you.
The gnoll splashes around in the water.
You shoot an arrow.
The arrow hits the gnoll sergeant but does no damage.
The gnoll sergeant is heavily wounded.
The gnoll sergeant hits you from afar with a +2 spear of venom.
You shoot an arrow. The arrow hits the gnoll sergeant.
The gnoll sergeant is severely wounded.
The gnoll misses you.
The gnoll sergeant hits you but does no damage.
You shoot an arrow. The arrow hits the gnoll sergeant.
The gnoll sergeant is almost dead.
The gnoll sergeant hits you from afar with a +2 spear of venom.
The gnoll barely misses you.
You shoot an arrow.
The arrow barely misses the gnoll sergeant.
You feel like a meek peon again.
The gnoll sergeant hits you from afar with a +2 spear of venom!
3857 ||| INVOKING Heroism.
You gain the combat prowess of a mighty hero.
You can no longer gain great but temporary skills.
The gnoll barely misses you.
The gnoll sergeant hits you but does no damage.
You shoot an arrow.
The arrow closely misses the gnoll sergeant.
You shoot an arrow.
The arrow hits the gnoll sergeant but does no damage.
The gnoll sergeant is almost dead.
The gnoll sergeant closely misses you.
The gnoll splashes around in the water.
You shoot an arrow.
The arrow hits the gnoll sergeant but does no damage.
The gnoll sergeant is almost dead.
The gnoll sergeant hits you from afar with a +2 spear of venom.
You die...

##.............
##...#..........
##...##..........
.##########..#####.........
...~.~~.~~..## #.%.......
~~~..~..~...### ##........
~.~~~~~~.~~~~~## #........
~~~~~~~~~)~~~~~# ##.......
.....~~.g~@~##~# #.......
.~...~.~g.)## ~~# #..##...
~..~...~..## ## #..#####
..#)..##### ##...# .#...#
#....# #.$.# ##...# ....
#.>.## ... ##...# #...##


You could see a gnoll sergeant and a gnoll.

Vanquished Creatures
  A black bear (D:5)
  2 phantoms (D:5)
  2 jellies (D:5)
  4 hounds
  A sleepcap (D:5)
  Terence (D:2)
  2 iguanas (D:5)
  An orc wizard (D:3)
  Natasha (thrice) (D:4)
  3 gnolls (D:5)
  7 adders
  A river rat (D:3)
  A shadow imp (D:4)
  3 worms
  2 dart slugs (D:1)
  13 orcs
  5 endoplasms
  2 giant cockroaches
  4 goblins
  8 hobgoblins
  4 jackals
  6 quokkas
  9 ball pythons
  10 bats
  2 frilled lizards
  3 kobolds
  3 rats (D:1)
103 creatures vanquished.

Notes
Turn   | Place    | Note
-------+----------+-------------------------------------------
     0 | D:1      | qw the Gargoyle Hunter began the quest for the Orb.
     0 | D:1      | Reached XP level 1. HP: 12/12 MP: 1/1
     0 | D:1      | 0 ||| qw: Version: 0.3-a-74-g0d5e918
     0 | D:1      | 0 ||| qw: Game counter: 37
     0 | D:1      | 0 ||| qw: Melee chars always use a shield: true
     0 | D:1      | 0 ||| qw: God list: Okawaru
     0 | D:1      | 0 ||| qw: Allow faded altars: false
     0 | D:1      | 0 ||| qw: Do Orc after clearing Dungeon:15 true
     0 | D:1      | 0 ||| qw: Do second Lair branch before Depths: true
     0 | D:1      | 0 ||| qw: Lair rune preference: random
     0 | D:1      | 0 ||| qw: Goals: Normal
     0 | D:1      | 0 ||| PLANNING D:1-11
   264 | D:1      | Reached XP level 2. HP: 17/17 MP: 2/2
   483 | D:1      | Reached XP level 3. HP: 21/21 MP: 3/3
   487 | D:1      | Reached skill level 5 in Ranged Weapons
   668 | D:1      | 668 ||| UPGRADING to ring of see invisible.
   669 | D:1      | 669 ||| READING scroll labelled NANUYTR TAXE.
   670 | D:1      | 670 ||| DRINKING 2 cyan potions.
   671 | D:1      | 671 ||| DROPPING scroll of butterflies.
   702 | D:2      | 702 ||| STAIRDANCE
   867 | D:2      | Reached skill level 3 in Fighting
   991 | D:2      | Noticed Terence
   993 | D:2      | 993 ||| RETREATING.
   997 | D:2      | 997 ||| Stepping ~*~*~tactically~*~*~ (retreating).
   999 | D:2      | Reached XP level 4. HP: 28/28 MP: 4/4
  1008 | D:2      | Killed Terence
  1230 | D:2      | 1230 ||| UPGRADING to +0 ring mail.
  1240 | D:2      | 1240 ||| DROPPING +0 leather armour.
  1241 | D:2      | 1241 ||| UPGRADING to +0 pair of gloves.
  1251 | D:3      | 1251 ||| PLANNING SEWER
  1283 | D:3      | 1283 ||| RETREATING.
  1291 | D:3      | 1291 ||| Stepping ~*~*~tactically~*~*~ (retreating).
  1292 | D:3      | 1292 ||| Stepping ~*~*~tactically~*~*~ (retreating).
  1293 | D:3      | 1293 ||| Stepping ~*~*~tactically~*~*~ (retreating).
  1294 | D:3      | 1294 ||| Stepping ~*~*~tactically~*~*~ (retreating).
  1295 | D:3      | 1295 ||| Stepping ~*~*~tactically~*~*~ (retreating).
  1298 | D:3      | Reached skill level 1 in Armour
  1298 | D:3      | Reached XP level 5. HP: 11/32 MP: 5/5
  1328 | D:3      | 1328 ||| FLEEEEING.
  1329 | D:3      | 1329 ||| FLEEEEING.
  1330 | D:3      | 1330 ||| FLEEEEING.
  1558 | D:3      | Found a faded altar of an unknown god.
  1624 | D:3      | Found a hazy altar of Hepliaklqana.
  1703 | D:3      | Found Feovvela's Book Shop.
  1724 | D:3      | Found a runed translucent door.
  1725 | D:3      | Noticed Crazy Yiuf
  1825 | D:3      | Reached skill level 6 in Ranged Weapons
  1870 | D:3      | 1870 ||| RIP SEWER
  2041 | D:3      | 2041 ||| PLANNING D:1-11
  2041 | D:3      | 2041 ||| READING scroll labelled OVIS NIEBIO.
  2042 | D:3      | 2042 ||| READING scroll labelled HUTIHI QISCH.
  2043 | D:3      | 2043 ||| READING scroll labelled XUMIPE WOUGIVO.
  2044 | D:3      | 2044 ||| READING scroll labelled QENALEKHL KUZOMP.
  2045 | D:3      | 2045 ||| READING scroll labelled GOIMAL CUPY.
  2296 | D:4      | Noticed Natasha
  2298 | D:4      | Killed Natasha
  2326 | D:4      | Reached XP level 6. HP: 38/38 MP: 6/6
  2393 | D:4      | Noticed Natasha
  2395 | D:4      | Killed Natasha
  2699 | D:4      | Found a snail-covered altar of Cheibriados.
  2700 | D:4      | Found a burning altar of Makhleb.
  2756 | D:4      | Noticed Natasha
  2769 | D:4      | Killed Natasha
  2938 | D:4      | Found a staircase to the Ecumenical Temple.
  2939 | D:4      | 2939 ||| PLANNING TEMPLE
  2939 | D:4      | 2939 ||| UPGRADING to scarf of resistance.
  2944 | D:4      | 2944 ||| READING scroll labelled PUAXAO NOLUOJ.
  2945 | D:4      | 2945 ||| READING 3 scrolls labelled CUKHLIO LOSTECO.
  2946 | D:4      | 2946 ||| DROPPING 2 scrolls of fog.
  2954 | Temple   | Entered the Ecumenical Temple
  2955 | Temple   | 2955 ||| PLANNING OKAWARU WORSHIP
  3002 | Temple   | Became a worshipper of Warmaster Okawaru
  3003 | Temple   | 3003 ||| PLANNING D:1-11
  3418 | D:5      | Entered Level 5 of the Dungeon
  3433 | D:5      | Reached skill level 7 in Ranged Weapons
  3433 | D:5      | 3433 ||| STAIRDANCE
  3479 | D:5      | Reached XP level 7. HP: 43/43 MP: 7/7
  3597 | D:5      | Reached * piety under Okawaru
  3598 | D:5      | Reached skill level 8 in Ranged Weapons
  3694 | D:5      | 3694 ||| INVOKING Heroism.
  3702 | D:5      | Reached skill level 1 in Invocations
  3830 | D:5      | 3830 ||| RETREATING.
  3834 | D:5      | 3834 ||| RETREATING.
  3839 | D:5      | 3839 ||| INVOKING Heroism.
  3853 | D:5      | HP: 10/44 [gnoll sergeant/+2 spear of venom (6)]
  3856 | D:5      | HP: 1/44 [gnoll sergeant/+2 spear of venom (8)]
  3857 | D:5      | 3857 ||| INVOKING Heroism.
  3860 | D:5      | Slain by a gnoll sergeant

Levels and vault maps discovered:
D:1:      denvon_arrival_hothouse, layout_basic, serial_forest,
          infiniplex_forest_zigzag_1, infiniplex_forest_straight_2,
          infiniplex_forest_lined_1, infiniplex_forest_clump_curved,
          infiniplex_forest_straight_3, infiniplex_forest_clump_curved
D:2:      layout_rooms, hangedman_decor_growths, kennysheep_cross_room,
          uniq_terence
D:3:      layout_rooms, worldfamousw_hep_ancestral_shrine, serial_shops, shop,
          gup_sewer_entry_bowl, hellmonk_ecumenical_altar_crossroads,
          minmay_box_of_dots, uniq_crazy_yiuf_cottage
D:4:      layout_layer_cave, mainiacjoe_overflow_big_doors,
          minmay_temple_entry_slanted, uniq_natasha
D:5:      layout_layer_cave, chequers_serial_rivers_small_3, hellmonk_no_cap
Temple:   minmay_crystal_spiral_temple

Skill      XL: |  1  2  3  4  5  6  7 |
---------------+----------------------+-----
Ranged Weapons | 5 6 7 8 |  8.0
Fighting       | 3 4 5 |  5.0
Armour         | 1 |  1.6
Invocations    | 2 |  2.5
Dodging        | |  1.5
Stealth        | |  1.1

Action                     |  1- 3 |  4- 6 |  7- 9 || total
---------------------------+-------+-------+-------++-------
   Fire: Shortbow          |    99 |   197 |    98 ||   394
 Invoke: Heroism           |       |       |     3 ||     3
    Use: Scroll            |     1 |     7 |       ||     8
         Potion            |     1 |       |       ||     1
 Armour: Leather armour    |    28 |     1 |       ||    29
         Ring mail         |       |    62 |    18 ||    80
  Dodge: Dodged            |    28 |    55 |    39 ||   122

Table legend:
 A = Non-vault XP
 B = Vault XP
 C = Vault XP percentage of total XP
 D = Non-vault monster count
 E = Vault monster count
 F = Vault count percentage of total count
                 A         B        C        D         E       F
            +---------+---------+-------+---------+---------+-------
      Total |    1089 |     108 |   9.0 |      94 |       9 |   8.7
            +---------+---------+-------+---------+---------+-------
        D:1 |      55 |       0 |   0.0 |      23 |       0 |   0.0
        D:2 |      50 |      36 |  41.9 |      21 |       1 |   4.5
        D:3 |      55 |      39 |  41.5 |       9 |       7 |  43.8
        D:4 |     208 |      33 |  13.7 |      25 |       1 |   3.8
        D:5 |     721 |       0 |   0.0 |      16 |       0 |   0.0
            +---------+---------+-------+---------+---------+-------
